General information
- name: BNet
- type: Ladder team game (AT/RT)
- host: Battle.net
- saver: ReignIForever
map: TwilightRuins
- players: 8
- length: 26:58
- speed: Fast
- version: 1.26 W3XP
- replay type: Public
» download(204 KB)
Players
team 1 (winner)

»
Bootaykicker (
teal | 62 APM | 1676 actions | 26:57)
6 Mountain King
3 Storm Bolt
2 Bash
1 Avatar
5 Paladin
3 Holy Light
1 Divine Shield
1 Devotion Aura
» actions
| Assign group hotkey | 19 | |
| Basic commands | 68 | |
| Build / train | 96 | |
| ESC pressed | 1 | |
| Enter build submenu | 38 | |
| Enter hero's abilities submenu | 11 | |
| Right click | 494 | |
| Select / deselect | 454 | |
| Select group hotkey | 384 | |
| Use ability | 111 | |
1676 total
» units
| Peasant | 18 | |
| Footman | 11 | |
| Dragonhawk Rider | 6 | |
| Gryphon Rider | 2 | |
37 total
» upgrades
| Defend | 1 | |
| Masonry | 3 | |
| Lumber Harvesting | 2 | |
| Swords | 3 | |
| Armor | 3 | |
| Cloud | 1 | |
| Animal War Training | 1 | |
| Storm Hammers | 1 | |
| Gunpowder | 2 | |
| Plating | 2 | |
19 total
» buildings
| Altar of Kings | 1 | |
| Barracks | 1 | |
| Farm | 17 | |
| Lumber Mill | 1 | |
| Scout Tower | 17 | |
| Arcane Tower | 1 | |
| Guard Tower | 9 | |
| Arcane Vault | 1 | |
| Keep | 4 | |
| Castle | 1 | |
| Gryphon Aviary | 3 | |
| Blacksmith | 1 | |
| Town Hall | 2 | |
59 total
» build order
00:20 Altar of Kings
00:22 Barracks
00:26 Farm
00:46 Farm
01:00 Lumber Mill
01:40 Scout Tower
01:55 Farm
02:39 Arcane Tower
02:50 Scout Tower
03:18 Farm
03:22 Guard Tower
03:37 Scout Tower
04:12 Arcane Vault
04:39 Guard Tower
04:43 Keep
04:43 Keep
04:43 Keep
07:33 Castle
07:41 Gryphon Aviary
07:42 Blacksmith
09:12 Gryphon Aviary
10:28 Farm
10:30 Farm
10:37 Farm
10:38 Farm
10:39 Farm
11:44 Scout Tower
11:45 Scout Tower
11:46 Scout Tower
12:16 Guard Tower
12:34 Scout Tower
12:41 Guard Tower
12:45 Town Hall
13:36 Guard Tower
14:11 Farm
14:27 Farm
16:10 Gryphon Aviary
16:50 Farm
16:52 Farm
16:53 Farm
16:54 Farm
19:32 Farm
19:33 Farm
19:37 Scout Tower
19:38 Scout Tower
19:39 Scout Tower
19:40 Scout Tower
19:40 Scout Tower
19:41 Scout Tower
21:40 Guard Tower
22:33 Guard Tower
23:00 Guard Tower
23:26 Guard Tower
26:15 Town Hall
26:33 Scout Tower
26:34 Scout Tower
26:36 Scout Tower
26:38 Scout Tower
» items
| Scroll of Regeneration | 2 | |
| Lesser Clarity Potion | 1 | |
| Scroll of Town Portal | 6 | |
| Orb of Fire | 1 | |
10 total
ReignIForever (
purple | 88 APM | 2370 actions | 26:58)
8 Blood Mage
3 Flame Strike
3 Siphon Mana
1 Summon Phoenix
1 Banish
» actions
| Assign group hotkey | 41 | |
| Basic commands | 219 | |
| Build / train | 171 | |
| ESC pressed | 10 | |
| Enter build submenu | 40 | |
| Enter hero's abilities submenu | 8 | |
| Give item / drop item | 3 | |
| Right click | 676 | |
| Select / deselect | 373 | |
| Select group hotkey | 677 | |
| Use ability | 152 | |
2370 total
» units
| Peasant | 18 | |
| Footman | 5 | |
| Rifleman | 14 | |
| Goblin Shredder | 8 | |
| Priest | 1 | |
| Knight | 2 | |
| Spell Breaker | 1 | |
49 total
» upgrades
| Plating | 3 | |
| Gunpowder | 3 | |
| Armor | 3 | |
| Masonry | 3 | |
| Long Rifles | 1 | |
| Lumber Harvesting | 2 | |
| Backpack | 1 | |
| Animal War Training | 1 | |
| Defend | 1 | |
| Magic Sentry | 1 | |
| Sorceress Training | 2 | |
| Priest Training | 2 | |
| Control Magic | 1 | |
| Swords | 2 | |
26 total
» buildings
| Altar of Kings | 1 | |
| Barracks | 1 | |
| Farm | 7 | |
| Blacksmith | 1 | |
| Arcane Vault | 1 | |
| Scout Tower | 21 | |
| Lumber Mill | 1 | |
| Arcane Tower | 4 | |
| Keep | 4 | |
| Town Hall | 1 | |
| Guard Tower | 31 | |
| Castle | 3 | |
| Arcane Sanctum | 1 | |
| Gryphon Aviary | 2 | |
79 total
» build order
00:10 Altar of Kings
00:13 Barracks
00:14 Farm
00:58 Farm
01:43 Farm
02:00 Blacksmith
02:51 Farm
03:22 Arcane Vault
04:42 Farm
05:10 Scout Tower
05:14 Lumber Mill
05:16 Farm
05:38 Arcane Tower
08:18 Keep
08:18 Keep
08:19 Keep
09:14 Farm
10:40 Town Hall
12:39 Scout Tower
12:41 Scout Tower
12:42 Scout Tower
12:42 Scout Tower
12:44 Scout Tower
12:45 Scout Tower
12:51 Scout Tower
12:54 Scout Tower
12:55 Scout Tower
12:57 Scout Tower
13:00 Scout Tower
13:05 Scout Tower
13:07 Guard Tower
13:19 Guard Tower
13:19 Guard Tower
13:19 Guard Tower
13:46 Arcane Tower
13:46 Arcane Tower
13:47 Arcane Tower
13:48 Guard Tower
13:48 Guard Tower
13:49 Guard Tower
13:53 Guard Tower
13:53 Guard Tower
13:57 Guard Tower
13:57 Guard Tower
13:58 Guard Tower
14:06 Scout Tower
14:10 Scout Tower
14:22 Scout Tower
14:53 Guard Tower
15:04 Castle
15:04 Castle
17:40 Arcane Sanctum
19:27 Gryphon Aviary
19:33 Gryphon Aviary
22:03 Scout Tower
22:04 Scout Tower
22:05 Scout Tower
22:06 Scout Tower
22:07 Scout Tower
22:34 Guard Tower
22:34 Guard Tower
22:34 Guard Tower
22:35 Guard Tower
22:35 Guard Tower
22:35 Guard Tower
22:37 Guard Tower
22:37 Guard Tower
24:58 Guard Tower
24:58 Guard Tower
24:59 Guard Tower
» items
| Scroll of Regeneration | 4 | |
| Scroll of Town Portal | 3 | |
| Staff of Teleportation | 1 | |
| Boots of Speed | 3 | |
| Potion of Invisibility | 1 | |
| Lesser Clarity Potion | 2 | |
| Potion of Healing | 2 | |
| Potion of Mana | 2 | |
| Staff of Sanctuary | 1 | |
| Orb of Fire | 1 | |
20 total
AngerJoE (
yellow | 201 APM | 5419 actions | 26:57)
4 Archmage
2 Summon Water Elemental
2 Brilliance Aura
4 Firelord
2 Summon Lava Spawn
2 Soul Burn
» actions
| Assign group hotkey | 72 | |
| Basic commands | 225 | |
| Build / train | 80 | |
| Enter build submenu | 30 | |
| Enter hero's abilities submenu | 8 | |
| Give item / drop item | 1 | |
| Right click | 1911 | |
| Select / deselect | 361 | |
| Select group hotkey | 2627 | |
| Use ability | 104 | |
5419 total
» units
| Peasant | 9 | |
| Footman | 6 | |
| Rifleman | 10 | |
| Sorceress | 4 | |
| Priest | 5 | |
| Flying Machine | 5 | |
| Mortar Team | 5 | |
44 total
» upgrades
| Masonry | 1 | |
| Long Rifles | 1 | |
| Armor | 1 | |
| Priest Training | 1 | |
| Gunpowder | 2 | |
6 total
» buildings
| Barracks | 1 | |
| Altar of Kings | 1 | |
| Farm | 14 | |
| Scout Tower | 4 | |
| Arcane Tower | 1 | |
| Lumber Mill | 1 | |
| Keep | 1 | |
| Arcane Vault | 1 | |
| Blacksmith | 1 | |
| Arcane Sanctum | 1 | |
| Workshop | 2 | |
| Guard Tower | 3 | |
31 total
» build order
01:20 Barracks
01:24 Altar of Kings
01:34 Farm
01:50 Farm
02:30 Scout Tower
02:31 Scout Tower
03:00 Arcane Tower
03:18 Farm
03:22 Lumber Mill
04:16 Farm
04:39 Keep
04:43 Arcane Vault
05:49 Blacksmith
06:26 Scout Tower
06:28 Scout Tower
08:17 Farm
08:20 Arcane Sanctum
08:22 Farm
08:44 Farm
09:08 Farm
10:12 Workshop
10:16 Farm
11:33 Farm
11:37 Guard Tower
13:13 Workshop
13:27 Farm
19:03 Guard Tower
19:19 Guard Tower
22:39 Farm
23:15 Farm
25:09 Farm
» items
| Scroll of Regeneration | 4 | |
| Scroll of Town Portal | 2 | |
| Potion of Healing | 2 | |
| Ivory Tower | 3 | |
| Lesser Clarity Potion | 2 | |
13 total
OriginalGrim (
blue | 29 APM | 783 actions | 26:57)
4 Paladin
2 Holy Light
2 Devotion Aura
2 Mountain King
1 Storm Bolt
1 Thunder Clap
» actions
| Assign group hotkey | 2 | |
| Basic commands | 5 | |
| Build / train | 65 | |
| Enter build submenu | 21 | |
| Enter hero's abilities submenu | 6 | |
| Right click | 378 | |
| Select / deselect | 252 | |
| Select group hotkey | 11 | |
| Use ability | 43 | |
783 total
» units
| Peasant | 21 | |
| Footman | 12 | |
| Siege Engine | 6 | |
| Knight | 2 | |
41 total
» upgrades
| Defend | 1 | |
| Lumber Harvesting | 1 | |
| Barrage | 1 | |
3 total
» buildings
| Barracks | 2 | |
| Altar of Kings | 1 | |
| Farm | 9 | |
| Lumber Mill | 1 | |
| Arcane Vault | 1 | |
| Scout Tower | 2 | |
| Guard Tower | 2 | |
| Keep | 1 | |
| Blacksmith | 1 | |
| Castle | 1 | |
| Gryphon Aviary | 1 | |
| Workshop | 2 | |
24 total
» build order
00:30 Barracks
00:35 Altar of Kings
00:49 Farm
01:26 Barracks
01:30 Farm
02:11 Lumber Mill
02:30 Arcane Vault
02:40 Scout Tower
03:23 Guard Tower
03:37 Farm
03:42 Farm
04:32 Farm
05:02 Farm
05:22 Farm
07:00 Keep
07:37 Blacksmith
08:57 Farm
09:00 Scout Tower
09:29 Guard Tower
09:48 Farm
09:53 Castle
10:03 Gryphon Aviary
10:09 Workshop
10:14 Workshop
» items
| Scroll of Regeneration | 1 | |
| Lesser Clarity Potion | 1 | |
| Boots of Speed | 1 | |
| Scroll of Protection | 1 | |
| Scroll of Town Portal | 2 | |
| Orb of Fire | 1 | |
| Potion of Healing | 1 | |
| Potion of Mana | 1 | |
9 total
team 2 (loser)

»
tubby1 (
red | 65 APM | 1055 actions | 16:06)
3 Archmage
2 Summon Water Elemental
1 Brilliance Aura
2 Blood Mage
1 Flame Strike
1 Siphon Mana
» actions
| Assign group hotkey | 34 | |
| Basic commands | 73 | |
| Build / train | 71 | |
| ESC pressed | 2 | |
| Enter build submenu | 21 | |
| Enter hero's abilities submenu | 5 | |
| Remove unit from queue | 1 | |
| Right click | 256 | |
| Select / deselect | 359 | |
| Select group hotkey | 172 | |
| Use ability | 61 | |
1055 total
» units
| Peasant | 19 | |
| Footman | 4 | |
| Sorceress | 7 | |
| Priest | 4 | |
| Knight | 5 | |
39 total
» upgrades
| Masonry | 3 | |
| Swords | 3 | |
| Plating | 3 | |
| Lumber Harvesting | 2 | |
| Sorceress Training | 2 | |
| Animal War Training | 1 | |
| Priest Training | 2 | |
16 total
» buildings
| Barracks | 2 | |
| Farm | 11 | |
| Altar of Kings | 1 | |
| Lumber Mill | 1 | |
| Blacksmith | 1 | |
| Keep | 1 | |
| Town Hall | 1 | |
| Scout Tower | 5 | |
| Castle | 1 | |
| Arcane Sanctum | 2 | |
| Arcane Vault | 1 | |
| Guard Tower | 2 | |
29 total
» build order
00:50 Barracks
00:52 Farm
00:55 Farm
01:05 Altar of Kings
01:27 Farm
01:52 Lumber Mill
01:59 Farm
02:41 Farm
03:19 Blacksmith
04:03 Keep
04:37 Town Hall
05:41 Scout Tower
05:41 Scout Tower
05:42 Scout Tower
05:42 Scout Tower
05:43 Scout Tower
06:25 Castle
07:03 Arcane Sanctum
07:23 Arcane Sanctum
08:52 Arcane Vault
09:29 Barracks
09:35 Farm
09:41 Farm
09:44 Farm
09:45 Farm
10:17 Guard Tower
10:20 Guard Tower
11:38 Farm
11:39 Farm
TribalSkunk420 (
green | 32 APM | 523 actions | 16:32)
2 Keeper of the Grove
1 Force of Nature
1 Thorns Aura
» actions
| Assign group hotkey | 10 | |
| Basic commands | 11 | |
| Build / train | 39 | |
| Enter build submenu | 15 | |
| Enter hero's abilities submenu | 2 | |
| Right click | 185 | |
| Select / deselect | 164 | |
| Select group hotkey | 72 | |
| Use ability | 25 | |
523 total
» units
» buildings
| Altar of Elders | 2 | |
| Moon Well | 6 | |
| Ancient of War | 3 | |
| Hunter's Hall | 2 | |
| Tree of Ages | 1 | |
| Ancient Protector | 1 | |
| Tree of Life | 1 | |
16 total
» build order
00:09 Altar of Elders
00:12 Moon Well
00:29 Ancient of War
01:30 Moon Well
02:31 Hunter's Hall
03:40 Tree of Ages
03:48 Moon Well
05:45 Ancient Protector
06:02 Moon Well
09:16 Tree of Life
09:21 Altar of Elders
10:33 Ancient of War
10:55 Moon Well
14:12 Ancient of War
15:01 Moon Well
15:59 Hunter's Hall

»
darkhero (
orange | 40 APM | 652 actions | 16:25)
3 Pit Lord
2 Howl of Terror
1 Cleaving Attack
2 Death Knight
1 Death Coil
1 Unholy Aura
» actions
| Assign group hotkey | 13 | |
| Basic commands | 28 | |
| Build / train | 33 | |
| Enter build submenu | 17 | |
| Enter hero's abilities submenu | 5 | |
| Right click | 207 | |
| Select / deselect | 199 | |
| Select group hotkey | 115 | |
| Use ability | 34 | |
652 total
» units
| Acolyte | 4 | |
| Ghoul | 4 | |
| Crypt Fiend | 4 | |
| Obsidian Statue | 2 | |
| Frost Wyrm | 4 | |
18 total
» upgrades
| Creature Attack | 2 | |
| Creature Carapace | 1 | |
3 total
» buildings
| Crypt | 1 | |
| Ziggurat | 6 | |
| Altar of Darkness | 1 | |
| Graveyard | 1 | |
| Tomb of Relics | 1 | |
| Halls of the Dead | 1 | |
| Black Citadel | 1 | |
| Slaughterhouse | 1 | |
| Sacrificial Pit | 1 | |
| Boneyard | 2 | |
16 total
» build order
00:10 Crypt
00:12 Ziggurat
00:39 Altar of Darkness
01:01 Graveyard
01:36 Ziggurat
02:42 Ziggurat
02:56 Tomb of Relics
03:30 Ziggurat
04:08 Halls of the Dead
07:07 Black Citadel
07:38 Slaughterhouse
09:15 Sacrificial Pit
10:18 Boneyard
10:22 Boneyard
10:34 Ziggurat
11:24 Ziggurat
» items
| Rod of Necromancy | 1 | |
| Scroll of Town Portal | 2 | |
3 total
Charles410 (
pink | 71 APM | 1918 actions | 26:57)
4 Death Knight
3 Death Coil
1 Unholy Aura
1 Blood Mage
1 Flame Strike
3 Archmage
3 Brilliance Aura
1 Pit Lord
1 Cleaving Attack
1 Keeper of the Grove
1 Force of Nature
» actions
| Assign group hotkey | 7 | |
| Basic commands | 162 | |
| Build / train | 80 | |
| ESC pressed | 4 | |
| Enter build submenu | 38 | |
| Enter hero's abilities submenu | 8 | |
| Right click | 860 | |
| Select / deselect | 376 | |
| Select group hotkey | 324 | |
| Use ability | 59 | |
1918 total
» units
| Acolyte | 2 | |
| Ghoul | 3 | |
| Gargoyle | 13 | |
| Frost Wyrm | 3 | |
| Spell Breaker | 2 | |
| Knight | 13 | |
| Wisp | 15 | |
51 total
» upgrades
| Creature Attack | 3 | |
| Creature Carapace | 2 | |
5 total
» buildings
| Crypt | 2 | |
| Ziggurat | 7 | |
| Altar of Darkness | 1 | |
| Nerubian Tower | 1 | |
| Halls of the Dead | 2 | |
| Tomb of Relics | 1 | |
| Graveyard | 1 | |
| Spirit Tower | 3 | |
| Black Citadel | 1 | |
| Sacrificial Pit | 1 | |
| Ancient Protector | 7 | |
| Tree of Life | 2 | |
29 total
» build order
00:07 Crypt
00:12 Ziggurat
00:37 Altar of Darkness
00:52 Ziggurat
01:46 Nerubian Tower
02:21 Halls of the Dead
02:22 Halls of the Dead
02:45 Ziggurat
03:27 Tomb of Relics
03:32 Crypt
03:47 Graveyard
05:40 Ziggurat
05:44 Ziggurat
09:59 Spirit Tower
10:28 Spirit Tower
12:56 Black Citadel
13:00 Sacrificial Pit
13:23 Ziggurat
13:25 Ziggurat
22:29 Spirit Tower
22:45 Ancient Protector
22:46 Ancient Protector
22:50 Ancient Protector
22:58 Ancient Protector
23:07 Ancient Protector
23:37 Ancient Protector
23:40 Ancient Protector
24:37 Tree of Life
25:36 Tree of Life
» items
Chat log
(00:30 / Allies) Bootaykicker: 4 human
(00:41 / Allies) OriginalGrim: mega foot rush?
(00:49 / Allies) Bootaykicker: im down
(01:00 / Allies) ReignIForever: I'll go rifles
(01:01 / Allies) OriginalGrim: all?
(01:06 / Allies) AngerJoE: sure
(01:44 / Allies) OriginalGrim: heros?
(01:47 / Allies) ReignIForever: blood mage
(01:49 / Allies) Bootaykicker: mk
(04:41 / Allies) OriginalGrim: ready?
(04:45 / Allies) OriginalGrim: meet at teal
(05:43 / Allies) AngerJoE: go
(05:46 / Allies) OriginalGrim: i thought we rush
(05:50 / Allies) ReignIForever: this is a rush bro
(05:54 / Allies) ReignIForever: you don't rush with 2 units
(06:04 / Allies) OriginalGrim: what the fuck are you talking about
(06:13 / Allies) ReignIForever: 12 unit rushes do way more than 2 unit rushes
(06:27 / Allies) OriginalGrim: who fucking say rush w 2 units
(09:35 / Allies) Bootaykicker: gj
(11:58 / Allies) ReignIForever: omw
(14:28 / Allies) OriginalGrim: u guys all getting some good shit?
(14:32 / Allies) ReignIForever: watch this
(14:33 / Allies) OriginalGrim: they got magic, frosties and knights
(14:58 / All) ReignIForever: dumbass lol
(15:04 / All) tubby1: im not paying attention
(15:07 / All) ReignIForever: sure
(15:15 / All) ReignIForever: They all say shit like that
(15:19 / Allies) OriginalGrim: tp
(15:30 / All) tubby1: purple, i really don't care what niave statement you have to say
(15:41 / All) ReignIForever: ok
(15:57 / All) tubby1: ORANGRE
(16:03 / All) tubby1: gg, oraneg fucking sucks
(16:27 / All) ReignIForever: you suck
(16:30 / All) ReignIForever: shit flamestrike
(16:35 / All) ReignIForever: don't even go bm
(17:08 / All) ReignIForever: You can still win bud!
(17:11 / All) ReignIForever: Stay and fight!
(18:11 / Allies) Bootaykicker: ill get it
(19:48 / All) ReignIForever: wtf is that
(19:50 / All) ReignIForever: pitlord harass?
(22:16 / All) OriginalGrim: come on plz
(22:18 / All) OriginalGrim: its gg
(22:25 / All) Charles410: yeah i win
(24:31 / All) OriginalGrim: yup u got this
(24:35 / All) Bootaykicker: this is a fun game!
(26:07 / All) Charles410: i cant believe my team left
(26:10 / All) Charles410: everyone has 5k gold
(26:13 / All) Charles410: and 2k lumber
(26:13 / All) ReignIForever: lol
(26:15 / All) Charles410: and they all leave
(26:17 / All) Charles410: messed up man
(26:34 / All) ReignIForever: Are you mad over it and trying to waste our time?
(26:39 / All) OriginalGrim: i cant believe you wont leave
(26:44 / All) Charles410: im just messin around
(26:55 / All) Charles410: gege